 Dungeon Crawl Stone Soup version 0.29.0-4-gdea44cf6ec (webtiles) character file.

Game seed: 2633754108539577238

59 qw the Chopper (level 4, 0/26 HPs)
             Began as a Tengu Warper on Aug 28, 2022.
             Slain by a black bear (2 damage)
             ... on level 3 of the Dungeon.
             The game lasted 00:00:10 (2227 turns).

qw the Chopper (Tengu Warper)                       Turns: 2227, Time: 00:00:10

Health: 0/26       AC:  7    Str: 14    XL:     4   Next: 3%
Magic:  8/8        EV:  9    Int: 13    God:
Gold:   65         SH:  0    Dex: 13    Spells: 7/7 levels left

rFire   . . .      SeeInvis .   Y - +0 hand axe
rCold   . . .      Faith    .   (no shield)
rNeg    . . .      Spirit   .   b - +0 scale mail
rPois   .          Reflect  .   (helmet restricted)
rElec   .          Harm     .   (no cloak)
rCorr   .          Rampage  .   o - +0 pair of gloves
Will    .....                   (boots unavailable)
Stlth   ..........              (no amulet)
HPRegen 0.08/turn               (no ring)
MPRegen 0.11/turn               (no ring)

@: no status effects
A: beak, talons 3
a: no special abilities


You were on level 3 of the Dungeon.
You visited 1 branch of the dungeon, and saw 3 of its levels.

You collected 65 gold pieces.


Innate Abilities, Weirdness & Mutations

You have a beak for a mouth.
You have claws for feet.


   Skills:
 - Level 2.0 Fighting
 + Level 4.6 Axes
 - Level 1.0 Throwing
 - Level 1.1 Armour
 - Level 2.1 Dodging
 - Level 2.0 Spellcasting
 - Level 2.4 Translocations


You had 7 spell levels left.
You didn't know any spells.
Your spell library contained the following spells:

 Spells                   Type           Power      Damage    Failure   Level
 Blink                    Tloc           14%        N/A       54%         2
 Gell's Gravitas          Tloc           7%         N/A       77%         3
 Lesser Beckoning         Tloc           7%         N/A       77%         3
 Teleport Other           Tloc           7%         N/A       77%         3
 Manifold Assault         Tloc           7%         N/A       100%        5

Inventory:

Hand Weapons
 f - a +0 mace
 Y - a +0 hand axe (weapon)
Armour
 b - a +0 scale mail (worn)
 o - a +0 pair of gloves (worn)
Scrolls
 a - a scroll of identify
 j - 3 scrolls of teleportation
Potions
 c - a potion of resistance {unknown}
 d - a potion of brilliance {unknown}
 e - a potion of mutation {unknown}
 g - a potion of attraction {unknown}
 h - a potion of might {unknown}
 i - a potion of cancellation {unknown}
 k - a potion of curing
 m - a potion of haste

Dungeon Overview and Level Annotations

Branches:
Dungeon (3/15)

Altars:


Message History

The giant cockroach is almost dead.
The giant cockroach bites you but does no damage.
You hit the giant cockroach.
You kill the giant cockroach!
You now have 65 gold pieces (gained 14).
Found a stone staircase leading down.
Enter note:
Found a stone staircase leading down.
There is a stone staircase leading down here.
A black bear comes into view.
The black bear growls angrily.
You hit the black bear but do no damage.
You claw the black bear, but do no damage.
You peck the black bear.
The black bear is lightly wounded.
The black bear closely misses you. x2; The black bear claws you.
You closely miss the black bear. You claw the black bear.
The black bear is moderately wounded.
The black bear bites you but does no damage.
The black bear claws you. x2
You hit the black bear. You peck the black bear.
The black bear is moderately wounded.
The black bear bites you. The black bear claws you.
The black bear claws you but does no damage.
You barely miss the black bear. You claw the black bear.
Your peck misses the black bear.
The black bear is heavily wounded.
The black bear barely misses you.
The black bear claws you but does no damage. x2
You hit the black bear but do no damage.
You claw the black bear. Your peck misses the black bear.
The black bear is severely wounded.
The black bear goes berserk!
You hit the black bear.
The black bear is severely wounded.
The black bear bites you but does no damage.
The black bear claws you.
The black bear claws you but does no damage.
The black bear bites you. The black bear claws you. x2
You die...

##.### ##.....
#.....# # #..... #.
#..... #. #>..# #.
#..h## ### #..@.#
#.. #....##########
#.# ##..>.........#
#.#
#.#.#..#####.####.#
#.#.#.............#
#.#.......#..###..#
#.###...#.#..###..#
#.......#.#.......#
#####........##.##


You could see a black bear (berserk).

Vanquished Creatures
  An adder (D:2)
  2 worms (D:2)
  2 dart slugs (D:1)
  2 ball pythons
  2 endoplasms (D:1)
  A giant cockroach (D:3)
  2 goblins
  3 hobgoblins (D:1)
  8 jackals (D:1)
  2 quokkas (D:1)
  4 bats
  4 frilled lizards (D:1)
  3 kobolds
  2 rats
38 creatures vanquished.

Notes
Turn   | Place    | Note
-------+----------+-------------------------------------------
     0 | D:1      | qw the Tengu Warper began the quest for the Orb.
     0 | D:1      | Reached XP level 1. HP: 12/12 MP: 4/4
     0 | D:1      | 0 ||| qw: Version: 0.1-a-89-g26bdef1
     0 | D:1      | 0 ||| qw: Game counter: 553
     0 | D:1      | 0 ||| qw: Always use a shield: true
     0 | D:1      | 0 ||| qw: God list: Okawaru
     0 | D:1      | 0 ||| qw: Allow faded altars: false
     0 | D:1      | 0 ||| qw: Do Orc after D:15 true
     0 | D:1      | 0 ||| qw: Do second Lair branch before Depths: true
     0 | D:1      | 0 ||| qw: Lair rune preference: random
     0 | D:1      | 0 ||| qw: Plans: Normal
     0 | D:1      | 0 ||| PLANNING D:1-11
    27 | D:1      | 27 ||| Stepping ~*~*~tactically~*~*~ (hiding).
    77 | D:1      | 77 ||| Stepping ~*~*~tactically~*~*~ (stealth).
    78 | D:1      | 78 ||| Stepping ~*~*~tactically~*~*~ (stealth).
    79 | D:1      | 79 ||| Stepping ~*~*~tactically~*~*~ (stealth).
    88 | D:1      | Reached skill level 3 in Axes
    88 | D:1      | Reached XP level 2. HP: 12/17 MP: 6/6
   297 | D:1      | Reached XP level 3. HP: 13/21 MP: 7/7
   462 | D:1      | 462 ||| DROPPING +0 club.
   499 | D:1      | 499 ||| Stepping ~*~*~tactically~*~*~ (hiding).
   502 | D:1      | 502 ||| Stepping ~*~*~tactically~*~*~ (hiding).
   759 | D:1      | Reached skill level 4 in Axes
   976 | D:1      | 976 ||| UPGRADING to +0 ring mail.
   986 | D:1      | 986 ||| DROPPING +0 leather armour.
   987 | D:1      | 987 ||| READING scroll labelled HYVECVAS PEDY.
   991 | D:1      | 991 ||| READING scroll labelled TUPSIC ATEHO.
   992 | D:1      | 992 ||| DROPPING scroll of blinking.
  1612 | D:2      | Reached XP level 4. HP: 15/26 MP: 8/8
  2064 | D:2      | 2064 ||| UPGRADING to +0 scale mail.
  2074 | D:2      | 2074 ||| DROPPING +0 ring mail.
  2075 | D:2      | 2075 ||| UPGRADING to +0 pair of gloves.
  2080 | D:2      | 2080 ||| READING 2 scrolls labelled BUVION DODGHE.
  2081 | D:2      | 2081 ||| DRINKING 2 fuming black potions.
  2082 | D:2      | 2082 ||| DRINKING 2 grey potions.
  2083 | D:2      | 2083 ||| DRINKING 2 sedimented ruby potions.
  2084 | D:2      | 2084 ||| DROPPING potion of flight.
  2219 | D:3      | Noticed a black bear
  2227 | D:3      | HP: 2/26 [black bear (5)]
  2227 | D:3      | Slain by a black bear

Levels and vault maps discovered:
D:1:      amcnicky_arrival_feature_with_door, layout_loops_ring
D:2:      layout_basic
D:3:      layout_loops_cross, minmay_pentomino_pile

Skill      XL: |  1  2  3 |
---------------+----------+-----
Axes           | 3 4 |  4.6
Fighting       | |  2.0
Throwing       | |  1.0
Armour         | |  1.1
Dodging        | |  2.1
Spellcasting   | |  2.0
Translocations | |  2.4

Action                   |  1- 3 |  4- 6 || total
-------------------------+-------+-------++-------
Melee: Hand axe          |    80 |    11 ||    91
       Kick              |    17 |     4 ||    21
       Peck              |    10 |     2 ||    12
Throw: Boomerang         |     7 |       ||     7
  Use: Scroll            |     2 |     1 ||     3
       Potion            |       |     3 ||     3
Armor: Leather armour    |    14 |       ||    14
       Ring mail         |     7 |       ||     7
       Scale mail        |       |     9 ||     9
Dodge: Dodged            |    44 |     4 ||    48

Table legend:
 A = Non-vault XP
 B = Vault XP
 C = Vault XP percentage of total XP
 D = Non-vault monster count
 E = Vault monster count
 F = Vault count percentage of total count
                 A         B        C        D         E       F
            +---------+---------+-------+---------+---------+-------
      Total |      85 |       0 |   0.0 |      38 |       0 |   0.0
            +---------+---------+-------+---------+---------+-------
        D:1 |      50 |       0 |   0.0 |      27 |       0 |   0.0
        D:2 |      33 |       0 |   0.0 |      10 |       0 |   0.0
        D:3 |       2 |       0 |   0.0 |       1 |       0 |   0.0
            +---------+---------+-------+---------+---------+-------
